 Dungeon Crawl Stone Soup version 0.23.1 (webtiles) character file.

Game seed: 1358695006502732836

32 Descartes the Grasshopper (level 3, 0/18 HPs)
             Began as a Vine Stalker Warper on Mar 3, 2019.
             Succumbed to an adder's poison
             ... on level 1 of the Dungeon.
             The game lasted 00:03:01 (1262 turns).

Descartes the Grasshopper (Vine Stalker Warper)     Turns: 1262, Time: 00:03:01

Health: 0/18       AC:  4    Str: 13    XL:     3   Next: 27%
Magic:  7/7        EV: 11    Int: 13    God:
Gold:   48         SH:  5    Dex: 14    Spells: 4/6 levels left

rFire    . . .     SeeInvis .     - Unarmed
rCold    . . .     Gourm    .   h - +2 buckler
rNeg     . . .     Faith    .   a - +0 leather armour
rPois    .         Spirit   +   k - +0 helmet
rElec    .         Reflect  .   (no cloak)
rCorr    .         Harm     .   (no gloves)
MR       .....                  (no boots)
Stlth    ++........             (no amulet)
HPRegen  0.06/turn              (no ring)
MPRegen  0.10/turn              (no ring)

@: lethally poisoned (0 -> -11)
A: fangs 2, magic shield, antimagic bite, no potion heal 3, rot immunity
a: no special abilities


You were on level 1 of the Dungeon.
You were not hungry.

You visited 1 branch of the dungeon, and saw 2 of its levels.

You collected 48 gold pieces.

Inventory:

Missiles
 d - 5 tomahawks of dispersal (quivered)
 e - 43 stones
 l - 29 arrows
Armour
 a - a +0 leather armour (worn)
 h - a +2 buckler (worn)
 k - a +0 helmet (worn)
Jewellery
 o - an uncursed amulet of the acrobat {unknown}
Scrolls
 b - 2 scrolls of enchant armour {unknown}
 c - 2 scrolls of blinking
 j - 2 scrolls of teleportation {unknown}
 n - a scroll of fog {unknown}
 p - a scroll of fear {unknown}
Potions
 m - a potion of might {unknown}
Comestibles
 f - 3 rations


   Skills:
 + Level 2.0 Fighting
 - Level 0.8 Throwing
 - Level 0.7 Armour
 - Level 1.7 Dodging
 * Level 1.7 Stealth
 * Level 0.6 Shields
 * Level 2.4 Unarmed Combat
 + Level 2.3 Spellcasting
 * Level 3.0 Translocations


You had 4 spell levels left.
You knew the following spells:

 Your Spells              Type           Power        Failure   Level  Hunger
a - Blink                 Tloc           N/A          21%         2    ###....

Your spell library contained the following spells:

 Spells                   Type           Power        Failure   Level  Hunger
 Shroud of Golubria       Chrm/Tloc      #.........   36%         2    ###....
 Gell's Gravitas          Tloc           #.........   38%         3    ###....
 Lesser Beckoning         Tloc           #.........   38%         3    ###....
 Teleport Other           Tloc           #.......     38%         3    ###....
 Passage of Golubria      Tloc           N/A          80%         4    #####..


Dungeon Overview and Level Annotations

Branches:
Dungeon (2/15)

Altars:


Innate Abilities, Weirdness & Mutations

You have extremely sharp teeth.
When hurt, damage is shared between your health and your magic reserves.
Your bite disrupts and absorbs the magic of your enemies.
Potions cannot restore your health.
You are immune to rotting.


Message History

You feel sick.
There is a stone staircase leading down here.
The adder closely misses you.
* * * LOW HITPOINT WARNING * * *
You feel sick.
* * * LOW HITPOINT WARNING * * *
You feel sick. The quokka barely misses you.
* * * LOW HITPOINT WARNING * * *
You feel sick.
* * * LOW HITPOINT WARNING * * *
You feel sick. The adder bites you.
You are more poisoned.
The adder poisons you!
* * * LOW HITPOINT WARNING * * *
You feel sick.
The quokka twitches its whiskers.
The quokka bites you.
It was a potion of magic.
Magic courses through your body.
You die...

.....#...##≈≈≈# ##.##.## #.#
##.#.##...#.≈≈# ##....#.## #.#
#.#.##...##.≈####.....##.###.#
#.#.###...#.≈#........###....#
#.#.# #...##>##.#.....##.#####
#.#.# ##...#####........##
##.#.# ##.<.##.........##
.....############Sr.....#
##.###.........#@#.....## #.#
#......).........##
##.###.........########
...............#
...##..........#
##.#...........#
##.#.#########.#
.....#########[#
##.........[...#


You could see an adder and a quokka.

Vanquished Creatures
  A dart slug (D:1)
  A leopard gecko (D:1)
  6 bats (D:1)
  A giant cockroach (D:1)
  A goblin (D:1)
  3 hobgoblins (D:1)
  6 jackals (D:1)
  4 kobolds (D:1)
  3 rats (D:1)
26 creatures vanquished.

Notes
Turn   | Place    | Note
-------+----------+-------------------------------------------
     0 | D:1      | Descartes the Vine Stalker Warper began the quest for the
                  | Orb.
     0 | D:1      | Reached XP level 1. HP: 11/11 MP: 4/4
   281 | D:1      | Reached skill level 1 in Stealth
   281 | D:1      | Reached XP level 2. HP: 15/15 MP: 6/6
   523 | D:1      | Learned a level 2 spell: Blink
   790 | D:1      | Reached XP level 3. HP: 18/18 MP: 7/7
  1262 | D:1      | Succumbed to an adder's poison

Skill      XL: |  1  2 |
---------------+-------+-----
Stealth        | 1 |  1.7
Fighting       | 2 |  2.0
Throwing       | |  0.8
Armour         | |  0.7
Dodging        | |  1.7
Shields        | |  0.6
Unarmed Combat | |  2.4
Spellcasting   | |  2.3
Translocations | |  3.0

Action                   || total
-------------------------++-------
Melee: Unarmed           ||    92
       Bite              ||    30
  Use: Potion            ||     1
 Stab: Sleeping          ||     3
  Eat: Chunk             ||     1
Armor: Leather armour    ||    26
Dodge: Dodged            ||    58
Block: Buckler           ||    20
